 Dungeon Crawl Stone Soup version 0.31-a0-983-g7b6862f502 (webtiles) character file.

Game seed: 4690868394412046187

10205 IdlyInterested the Blocker (level 11, -6/81 HPs)
             Began as a Demonspawn Fighter on Nov 1, 2023.
             Mangled by a vampire (7 damage)
             ... on level 11 of the Dungeon on Nov 2, 2023.
             The game lasted 00:42:03 (10565 turns).

IdlyInterested the Blocker (Demonspawn Fighter)    Turns: 10565, Time: 00:42:04

Health: -6/81      AC: 10    Str: 21    XL:     11   Next: 33%
Magic:  0/20       EV: 11    Int: 10    God:
Gold:   440        SH: 12    Dex: 18    Spells: 22/22 levels left

rFire   + . .        w - +2 hand axe (drain)
rCold   . . .        N - +0 kite shield
rNeg    . . .        r - +1 ring mail "Vap Cosy" {rF+ Will+ Slay+3}
rPois   .            (helmet restricted)
rElec   .            R - scarf {shadows}
rCorr   .            (no gloves)
SInv    .            a - +0 pair of boots
Will    +....        y - amulet of regeneration
Stlth   ++           M - +6 ring of dexterity
HPRegen 1.13/turn    (no ring)
MPRegen 0.34/turn

%: guardian spirit
@: no status effects
A: antennae 2, icy blue scales 2, demonic guardian 1, magic shield, magic
regeneration
a: no special abilities


You were on level 11 of the Dungeon.
You visited 2 branches of the dungeon, and saw 12 of its levels.
You also visited: Sewer.

You collected 590 gold pieces.
You spent 150 gold pieces at shops.

Inventory:

Hand Weapons
 w - a +2 hand axe of draining (weapon)
 K - a +0 war axe
 Q - the +10 short sword "Vecsaosi" {venom, *Corrode rElec rN+ Str+5}
   (You found it on level 9 of the Dungeon)

   Str+5:     It affects your strength (+5).
   rElec:     It insulates you from electricity.
   rN+:       It protects you from negative energy.
   *Corrode:  It may corrode you when you take damage.
Missiles
 d - 62 stones (quivered)
 n - 10 boomerangs
 t - 35 poisoned darts
 P - 5 javelins
Armour
 a - a +0 pair of boots (worn)
 b - a +3 ring mail
 g - a +0 cloak
 q - a +2 buckler
 r - the +1 ring mail "Vap Cosy" (worn) {rF+ Will+ Slay+3}
   (You found it on level 4 of the Dungeon)

   Slay+3:    It affects your accuracy & damage with ranged weapons and melee
   (+3).
   rF+:       It protects you from fire.
   Will+:     It increases your willpower.
 z - a +0 robe of cold resistance
 C - +0 acid dragon scales
 J - +0 steam dragon scales
 N - a +0 kite shield (worn)
 R - a scarf of shadows (worn)
Jewellery
 o - a ring of ice
 x - an amulet of faith
 y - an amulet of regeneration (around neck)
 M - a +6 ring of dexterity (left hand)
Talismans
 m - a serpent talisman
 v - a beast talisman
Wands
 j - a wand of iceblast (6)
 I - a wand of flame (15)
 L - a wand of acid (4)
Scrolls
 c - a scroll of blinking
 e - a scroll of butterflies
 h - a scroll of torment
 i - 6 scrolls of teleportation
 l - 2 scrolls of poison
 G - 3 scrolls of enchant armour
 H - a scroll of vulnerability
 O - a scroll of revelation
Potions
 f - a potion of magic
 k - 3 potions of attraction
 p - a potion of lignification {unknown}
 s - 5 potions of curing
 A - a potion of invisibility {unknown}
 B - 4 potions of enlightenment
 E - a potion of haste {unknown}
 F - a potion of brilliance {unknown}


   Skills:
 - Level 6.0 Fighting
 * Level 9.2 Axes
 - Level 2.0 Throwing
 - Level 3.0 Armour
 - Level 3.0 Dodging
 - Level 2.0 Stealth
 + Level 10.4 Shields
 - Level 2.0 Unarmed Combat
 - Level 6.0 Spellcasting
 - Level 2.0 Evocations


You had 22 spell levels left.
You didn't know any spells.
Your spell library contained the following spells:

 Spells                   Type           Power      Damage    Failure   Level
 Apportation              Tloc           6%         N/A       52%         1
 Magic Dart               Conj           12%        1d3       52%         1
 Ensorcelled Hibernation  Hex/Ice        6%         N/A       67%         2
 Jinxbite                 Hex            6%         N/A       67%         2
 Passwall                 Tmut/Erth      2%         N/A       67%         2
 Poisonous Vapours        Pois/Air       6%         N/A       67%         2
 Scorch                   Fire           6%         2d5       67%         2
 Searing Ray              Conj           6%         2d4       67%         2
 Static Discharge         Conj/Air       6%         3-4/arc   67%         2
 Hailstorm                Conj/Ice       3%         3d3       88%         3
 Swiftness                Air            3%         N/A       88%         3
 Anguish                  Hex/Necr       1%         N/A       99%         4
 Flame Wave               Conj/Fire      3%         2d5       99%         4
 Fulminant Prism          Conj/Hex       1%         3d5       99%         4
 Summon Ice Beast         Ice/Summ       3%         N/A       99%         4
 Alistair's Intoxication  Tmut/Pois      2%         N/A       100%        5
 Borgnjor's Vile Clutch   Necr/Erth      1%         N/A       100%        5
 Silence                  Hex/Air        1%         N/A       100%        5
 Eringya's Noxious Bog    Tmut/Pois      1%         4d6       100%        6
 Simulacrum               Ice/Necr       1%         N/A       100%        6
 Summon Cactus Giant      Summ           1%         N/A       100%        6


Dungeon Overview and Level Annotations

Branches:
Dungeon (11/15)            Temple (1/1) D:6            Lair (0/5) D:8
  Sewer (visited)
    Orc: D:9-12

Altars:
Ashenzari
Cheibriados
Dithmenos
Fedhas
Gozag
Hepliaklqana
Kikubaaqudgha
Makhleb
Nemelex Xobeh
Okawaru
Qazlal
Ru
Sif Muna
Trog
Uskayaw
Vehumet
Wu Jian
Xom
Yredelemnul

Shops:
D:3 !   D:4 [


Innate Abilities, Weirdness & Mutations

You have a pair of antennae on your head.
You are mostly covered in icy blue scales. (AC +3)
A weak demonic guardian rushes to your aid.
When hurt, damage is shared between your health and your magic reserves.
You regenerate magic rapidly.


Message History

* * * LOW HITPOINT WARNING * * *
Something draws strength from your injuries!
You closely miss something. Something hits you.
* * * LOW HITPOINT WARNING * * *
Something bites you but does no damage.
You hit something but do no damage. Something hits you!
* * * LOW HITPOINT WARNING * * *
A demonic guardian appears!
Something bites you.
* * * LOW HITPOINT WARNING * * *
Something draws strength from your injuries!
You hit something. You block something's attack.
Something bites you but does no damage.
You hit something but do no damage. Something hits you but does no damage.
Something completely misses you.
You hit something. Something hits you.
* * * LOW HITPOINT WARNING * * *
Something bites you!
* * * LOW HITPOINT WARNING * * *
Something draws strength from your injuries!
You hit something. Something hits you.
* * * LOW HITPOINT WARNING * * *
You block something's attack.
You hit something. Something hits you but does no damage. Something bites you.
* * * LOW HITPOINT WARNING * * *
Something draws strength from your injuries!
You feel better. Something hits you but does no damage. Something bites you!
* * * LOW HITPOINT WARNING * * *
Something draws strength from your injuries!
You feel better. Something hits you.
* * * LOW HITPOINT WARNING * * *
Something bites you!
* * * LOW HITPOINT WARNING * * *
Something draws strength from your injuries!
Aiming: Corrosive Bolt
Press: ? - help, Shift-Dir - straight line The bolt of acid hits something.
The acid corrodes something!
Something hits you.
* * * LOW HITPOINT WARNING * * *
Something bites you!
You die...

#.# ######...# ###.#
##.....
#...######......
###...##......~~~~
#............⌠~~~~
#.............~~~~
###.[...............
#...................
#.5@................
#..{.####...###...##
#....# ##### ... #
#....# #...## #####


You could see a friendly quasit (summoned).

Vanquished Creatures
  A two-headed ogre (D:11)
  Maurice (D:8)
  A gargoyle (D:11)
  An unseen horror (D:11)
  Jeremiah (D:9)
  A kobold demonologist (D:11)
  A komodo dragon (D:11)
  2 trolls
  A shadow (D:11)
  A wyvern (D:9)
  A vampire (D:11)
  3 steam dragons
  12 yaks
  A vampire mosquito (D:11)
  Menkaure (D:7)
  An acid dragon (D:11)
  A water moccasin (D:8)
  A sky beast (D:6)
  2 ice beasts
  3 orc warriors
  3 ogres
  3 centaurs
  2 phantoms
  3 bullfrogs
  2 kobold brigands
  Blork the orc (D:6)
  A gnoll sergeant (D:8)
  5 scorpions
  7 killer bees
  5 howler monkeys
  2 electric eels (D:8)
  2 crimson imps (D:5)
  A jelly (D:6)
  2 hounds
  Crazy Yiuf (D:7)
  6 orc priests
  A sleepcap (D:4)
  An iguana (D:4)
  16 orc wizards
  7 gnolls
  9 adders
  2 shadow imps
  2 white imps (D:7)
  4 worms
  3 dart slugs
  40 orcs
  8 endoplasms
  8 giant cockroaches
  13 goblins
  7 hobgoblins
  4 jackals
  2 quokkas
  13 ball pythons
  7 bats
  16 frilled lizards
  13 kobolds
  4 rats
263 creatures vanquished.

Vanquished Creatures (collateral kills)
  A water moccasin (Sewer)
  An acid dragon (D:9)
  A scorpion (D:4)
  A killer bee (D:8)
  2 orcs (D:4)
6 creatures vanquished.

Vanquished Creatures (others)
  An ogre mage (D:11)
  A bullfrog (D:7)
  An orc wizard (D:8)
3 creatures vanquished.

Grand Total: 272 creatures vanquished

Notes
Turn   | Place    | Note
-------+----------+-------------------------------------------
     0 | D:1      | IdlyInterested the Demonspawn Fighter began the quest for
                  | the Orb.
     0 | D:1      | Reached XP level 1. HP: 18/18 MP: 1/1
   130 | D:1      | Found a faded altar of an unknown god.
   218 | D:1      | Reached skill level 1 in Throwing
   331 | D:1      | Gained mutation: You regenerate magic rapidly. [demonic
                  | ancestry]
   331 | D:1      | Reached XP level 2. HP: 24/24 MP: 2/2
   547 | D:1      | Got the Handbook of the Birds
   741 | D:2      | Reached skill level 1 in Dodging
   864 | D:2      | Reached skill level 3 in Shields
   864 | D:2      | Gained mutation: You have a pair of small antennae on your
                  | head. [demonic ancestry]
   864 | D:2      | Reached XP level 3. HP: 26/29 MP: 3/3
  1054 | D:2      | Reached skill level 1 in Stealth
  1255 | D:2      | Reached skill level 1 in Spellcasting
  1436 | D:2      | Reached XP level 4. HP: 11/35 MP: 5/5
  2065 | D:3      | Found Zeuh's Distillery.
  2130 | D:3      | Reached skill level 4 in Shields
  2323 | D:3      | Gained mutation: A weak demonic guardian rushes to your
                  | aid. [demonic ancestry]
  2323 | D:3      | Reached XP level 5. HP: 32/41 MP: 7/7
  2401 | D:3      | Found a hazy altar of Hepliaklqana.
  2913 | D:3      | Bought a potion of enlightenment for 50 gold pieces
  2913 | D:3      | Bought a potion of heal wounds for 50 gold pieces
  2913 | D:3      | Bought a potion of berserk rage for 50 gold pieces
  2957 | D:4      | Gained mutation: You are partially covered in icy blue
                  | scales. (AC +2) [demonic ancestry]
  2957 | D:4      | Reached XP level 6. HP: 29/47 MP: 10/10
  3210 | D:4      | Reached skill level 5 in Shields
  3234 | D:4      | Identified the +1 ring mail "Vap Cosy" {rF+ Will+ Slay+3}
  3337 | D:4      | Found a glowing drain.
  3345 | Sewer    | Entered a sewer
  3407 | Sewer    | Noticed a water moccasin
  3421 | Sewer    | Killed a water moccasin
  3557 | D:4      | Reached skill level 6 in Shields
  3557 | D:4      | Gained mutation: You have a pair of antennae on your head.
                  | [demonic ancestry]
  3557 | D:4      | Reached XP level 7. HP: 50/52 MP: 11/11
  3930 | D:4      | Found Wurpheyj's Antique Armour Shoppe.
  4085 | D:5      | Entered Level 5 of the Dungeon
  4122 | D:5      | Reached skill level 7 in Shields
  4663 | D:5      | Gained mutation: When hurt, damage is shared between your
                  | health and your magic reserves. [demonic ancestry]
  4663 | D:5      | Reached XP level 8. HP: 58/58 MP: 12/12
  4667 | D:5      | Reached skill level 8 in Shields
  4667 | D:5      | Reached skill level 1 in Evocations
  4829 | D:5      | Found a shimmering altar of Xom.
  5151 | D:6      | Reached skill level 5 in Fighting
  5251 | D:6      | Noticed Blork the orc
  5260 | D:6      | Killed Blork the orc
  5303 | D:6      | Found a staircase to the Ecumenical Temple.
  5315 | Temple   | Entered the Ecumenical Temple
  5621 | D:6      | Found an ancient bone altar of Kikubaaqudgha.
  5830 | D:7      | Reached skill level 5 in Spellcasting
  5830 | D:7      | Reached XP level 9. HP: 32/69 MP: 7/17
  5855 | D:7      | Upgraded the game from 0.31-a0-981-geadf994542 to
                  | 0.31-a0-983-g7b6862f502
  6421 | D:7      | Found a runed translucent door.
  6422 | D:7      | Noticed Crazy Yiuf
  6429 | D:7      | Killed Crazy Yiuf
  6574 | D:7      | Noticed Menkaure
  6584 | D:7      | Killed Menkaure
  7098 | D:8      | Reached skill level 1 in Axes
  7209 | D:8      | Noticed Maurice
  7221 | D:8      | Something stole 325 gold
  7224 | D:8      | Killed Maurice
  7232 | D:8      | Found a staircase to the Lair.
  7698 | D:9      | Found a shimmering blue altar of Sif Muna.
  7744 | D:9      | Found an ornate altar of the Wu Jian Council.
  7835 | D:9      | Gained mutation: You are mostly covered in icy blue scales.
                  | (AC +3) [demonic ancestry]
  7835 | D:9      | Reached XP level 10. HP: 42/76 MP: 11/19
  7952 | D:9      | Noticed Jeremiah
  8055 | D:9      | Killed Jeremiah
  8056 | D:9      | Reached skill level 5 in Axes
  8282 | D:9      | Reached skill level 9 in Shields
  8620 | D:9      | Identified the +10 short sword "Vecsaosi" {venom, *Corrode
                  | rElec rN+ Str+5}
  9180 | D:10     | Entered Level 10 of the Dungeon
  9510 | D:10     | Found a shadowy altar of Dithmenos.
  9955 | D:10     | Found a sacrificial altar of Ru.
 10047 | D:11     | Noticed a gargoyle
 10073 | D:11     | Killed a gargoyle
 10203 | D:11     | Noticed a two-headed ogre
 10203 | D:11     | Noticed an ogre mage
 10209 | D:11     | Killed a two-headed ogre
 10210 | D:11     | Reached skill level 10 in Shields
 10210 | D:11     | Reached XP level 11. HP: 73/81 MP: 12/20
 10229 | D:11     | Killed an ogre mage
 10235 | D:11     | HP: 2/81 [ice devil[a kobold demonologist] (19)]
 10562 | D:11     | HP: 4/81 [something (5)]
 10564 | D:11     | HP: 1/81 [something (8)]
 10565 | D:11     | Mangled by a vampire

Illustrated notes

Levels and vault maps discovered:
D:1:      dpeg_arrival_rhombi, layout_basic, ebering_ecumenical_altar_abandoned,
          dreamdust_princess_bridge, minmay_lizard_king
D:2:      minmay_diamond_boxcup, layout_loops_ring, nrook_mini_backslash,
          minmay_tetromino_i4
D:3:      minmay_wonky_spiral, layout_loops_corners,
          mainiacjoe_overflow_catwalk, serial_shops,
          nicolae_shop_real_fake_doors, minmay_three_crescents
D:4:      layout_gridville, mainiacjoe_sewer_entry_somewhere_in_here_2,
          serial_shops, shop
D:5:      layout_basic, led_xom_imps
D:6:      layout_loops_ring, lemuel_doored_altar,
          minmay_temple_entry_sparse_star, uniq_blork_the_orc
D:7:      layout_basic, kennysheep_mini_moat, uniq_menkaure,
          uniq_crazy_yiuf_cottage
D:8:      layout_loops_ring, lair_entry_dummy, serial_bayou_pond_e, minivault_4,
          minmay_misc_feat_secret_circle, minmay_liquid_box, uniq_maurice
D:9:      layout_basic, mainiacjoe_overflow_boulevard, tgw_sif, uniq_jeremiah
D:10:     layout_long_grid, grunt_dithmenos_smoke_and_mirrors,
          nicolae_ru_path_of_blood
D:11:     layout_cross, minmay_orc_entry_temple_small, serial_park,
          serial_park_tiny_pond, serial_park_tiny_2, serial_park_square2,
          serial_park_square3 [serial_park_minivault_5x5_3], serial_park_square3
          [serial_park_minivault_5x5_1], serial_park_tiny_pond,
          kennysheep_crisscross
Temple:   eino_temple_water

Skill      XL: |  1  2  3  4  5  6  7  8  9 10 11 |
---------------+----------------------------------+-----
Unarmed Combat | 2 |  2.0
Throwing       | 1 2 |  2.0
Armour         | 3 |  3.0
Dodging        | 1 3 |  3.0
Shields        | 3 4 6 7 8 10 | 10.4
Stealth        | 1 2 |  2.0
Spellcasting   | 1 3 5 6 |  6.0
Evocations     | 1 2 |  2.0
Fighting       | 6 |  6.0
Axes           | 4 8 9 |  9.2

Action                     |  1- 3 |  4- 6 |  7- 9 | 10-12 || total
---------------------------+-------+-------+-------+-------++-------
  Melee: Unarmed           |   233 |    39 |       |       ||   272
         Hand axe          |       |   141 |   358 |   424 ||   923
  Throw: Stone             |       |       |     3 |    17 ||    20
         Dart              |       |       |     3 |     2 ||     5
         Javelin           |       |       |       |     6 ||     6
  Evoke: Wand              |       |       |     2 |     2 ||     4
    Use: Scroll            |     2 |     6 |     2 |     2 ||    12
         Potion            |       |     5 |     2 |     9 ||    16
   Stab: Distracted        |       |       |     1 |       ||     1
         Sleeping          |       |       |     2 |       ||     2
 Armour: Scale mail        |   120 |   139 |       |       ||   259
         Ring mail         |       |     5 |   293 |   237 ||   535
  Dodge: Dodged            |    86 |    65 |   191 |   117 ||   459
  Block: Buckler           |    34 |    38 |   130 |    17 ||   219
         Kite shield       |       |       |       |   176 ||   176

Table legend: (Time is in decaauts)
 A = Elapsed time spent in this place.
 B = Non-inter-level travel time spent in this place.
 C = Inter-level travel time spent in this place.
 D = Time resting spent in this place.
 E = Time spent auto-exploring this place.
 F = Levels seen in this place.
 G = Mean time per level.
                   A        B        C        D        E       F      G
               +--------+--------+--------+--------+--------+-----+--------+
         Total |  10779 |  10078 |    701 |    496 |   6467 |  13 |  829.2 |
       Dungeon |  10618 |   9917 |    701 |    482 |   6394 |  11 |  965.3 |
        Temple |      1 |      1 |      0 |      0 |      0 |   1 |    1.0 |
         Sewer |    159 |    159 |      0 |     14 |     73 |   1 |  159.0 |
               +--------+--------+--------+--------+--------+-----+--------+

Top non-repeatable levels by time:
     D:9: 1500 daAuts
     D:3: 1147 daAuts
     D:2: 1097 daAuts
     D:4: 1036 daAuts
     D:7: 1026 daAuts
     D:5: 1006 daAuts
     D:8: 945 daAuts
    D:10: 846 daAuts
     D:6: 740 daAuts
     D:1: 720 daAuts
    D:11: 549 daAuts
   Sewer: 159 daAuts
  Temple: 1 daAuts
